 Dungeon Crawl Stone Soup version 0.28.0-53-g5a82cb258f (webtiles) character file.

Game seed: 13037688145683711662

9155 Fartwhistle the Protected (level 11, -6/83 HPs)
             Began as a Demonspawn Monk on May 31, 2022.
             Was an Elder of Cheibriados.
             Mangled by a catoblepas (25 damage)
             ... on level 2 of the Lair of Beasts.
             The game lasted 00:35:10 (14878 turns).

Fartwhistle the Protected (Demonspawn Monk)        Turns: 14878, Time: 00:35:10

Health: -6/83      AC: 19    Str: 30    XL:     11   Next: 19%
Magic:  18/18      EV: 14    Int: 20    God:    Cheibriados [****..]
Gold:   183        SH:  0    Dex: 26    Spells: 12/19 levels left

rFire   . . .      SeeInvis +     - Unarmed
rCold   + . .      Faith    .   (no shield)
rNeg    . . .      Spirit   .   l - +3 scale mail
rPois   .          Reflect  .   (helmet unavailable)
rElec   .          Harm     .   k - +0 cloak
rCorr   .          Rampage  .   H - +2 pair of gloves
Will    .....                   c - +2 pair of boots {Fly}
Stlth   +.........              (no amulet)
HPRegen 0.23/turn               w - +6 ring of strength
MPRegen 0.16/turn               o - ring of protection from cold

@: flying, very slow
A: antennae 3, foul stench 1, powered by death 2, demonic touch 2
a: Renounce Religion, Bend Time, Temporal Distortion, Slouch


You were on level 2 of the Lair of Beasts.
You worshipped Cheibriados.
Cheibriados was greatly pleased with you.
You visited 3 branches of the dungeon, and saw 11 of its levels.

You collected 480 gold pieces.
You spent 297 gold pieces at shops.

Inventory:

Hand Weapons
 p - a +0 vorpal long sword
Missiles
 s - 5 javelins (quivered)
 E - 3 poisoned darts
Armour
 a - a +0 robe
 c - a +2 pair of boots of flying (worn)
 k - a +0 cloak (worn)
 l - a +3 scale mail (worn)
 r - a +1 leather armour of fire resistance
 H - a +2 pair of gloves (worn)
Jewellery
 j - a +6 ring of intelligence
 o - a ring of protection from cold (right hand)
 w - a +6 ring of strength (left hand)
 y - a ring of flight
Wands
 F - a wand of iceblast (6)
Scrolls
 b - a scroll of holy word
 e - 2 scrolls of blinking
 f - 2 scrolls of fog
 g - a scroll of fear
 h - 2 scrolls of magic mapping {unknown}
 i - 3 scrolls of amnesia {unknown}
 n - 2 scrolls of enchant armour {unknown}
 q - a scroll of teleportation
 x - a scroll of brand weapon {unknown}
 D - a scroll of summoning
 G - a scroll of immolation {unknown}
Potions
 d - a potion of brilliance
 m - a potion of lignification
 t - a potion of curing {unknown}
 u - a potion of cancellation
 v - 2 potions of heal wounds
 z - 2 potions of invisibility
 A - a potion of ambrosia
 B - 2 potions of attraction
 C - a potion of might


   Skills:
 - Level 6.8 Fighting
 * Level 9.7 Armour
 - Level 4.7 Dodging
 - Level 1.7 Stealth
 - Level 6.2 Unarmed Combat
 + Level 4.9 Spellcasting
 * Level 7.2 Transmutations
 + Level 3.4 Invocations


You had 12 spell levels left.
You knew the following spells:

 Your Spells              Type           Power      Damage    Failure   Level
a - Ensorcelled Hibernat  Hex/Ice        8%         N/A       32%         2
b - Blade Hands           Tmut           16%        N/A       30%         5

Your spell library contained the following spells:

 Spells                   Type           Power      Damage    Failure   Level
 Passwall                 Tmut/Erth      15%        N/A       8%          2
 Freeze                   Ice            16%        1d4       22%         1
 Dazzling Flash           Conj/Hex       8%         N/A       54%         3
 Frozen Ramparts          Ice            8%         1d2       54%         3
 Portal Projectile        Hex/Tloc       8%         N/A       54%         3
 Swiftness                Air            4%         N/A       54%         3
 Tukima's Dance           Hex            4%         N/A       54%         3
 Yara's Violent Unravell  Hex/Tmut       9%         3d6       80%         5
 Hailstorm                Conj/Ice       4%         3d4       91%         4
 Iskenderun's Mystic Bla  Conj/Tloc      4%         2d3       91%         4
 Passage of Golubria      Tloc           4%         N/A       91%         4
 Summon Lightning Spire   Summ/Air       4%         N/A       91%         4
 Excruciating Wounds      Necr           2%         N/A       99%         5
 Starburst                Conj/Fire      2%         6d3       100%        6
 Storm Form               Tmut/Air       9%         N/A       100%        7
 Maxwell's Capacitive Co  Air            2%         ∞         100%        8


Dungeon Overview and Level Annotations

Branches:
Dungeon (8/15)             Temple (1/1) D:5            Lair (2/6) D:8
  Swamp: Lair:2-4    Shoals: Lair:2-4     Snake: Lair:2-4    Spider: Lair:2-4

Altars:
Ashenzari
Cheibriados
Dithmenos
Elyvilon
Fedhas
Gozag
Hepliaklqana
Kikubaaqudgha
Makhleb
Nemelex Xobeh
Okawaru
Qazlal
Ru
Sif Muna
Trog
Uskayaw
Vehumet
Wu Jian
Xom
Yredelemnul
Zin
The Shining One

Shops:
D:5 [?*(   D:7 *

Annotations:
Lair:1 3 runed translucent doors, Manslay's ghost, journeyman OpCj
Lair:2 3 runed translucent doors


Innate Abilities, Weirdness & Mutations

You have a pair of large antennae on your head. (SInv)
You may rarely emit foul miasma when damaged in melee.
You regenerate health from kills.
Your touch may inflict irresistible damage on your foes.


Message History

You have turned to stone.
The catoblepas breathes a plume of calcifying dust at you.
The blast of calcifying dust hits you.
You are engulfed in calcifying dust.
The catoblepas breathes a plume of calcifying dust at you.
The blast of calcifying dust hits you but does no damage.
You are engulfed in calcifying dust.
The yak stops moving altogether!
The catoblepas gores you but does no damage.
You are engulfed in calcifying dust.
The catoblepas gores you!!
You are engulfed in calcifying dust.
The catoblepas gores you!
The catoblepas breathes a plume of calcifying dust at you.
The blast of calcifying dust hits you but does no damage.
You are engulfed in calcifying dust.
The catoblepas gores you.
You turn to flesh and can move again.
You punch the catoblepas!
You punch the catoblepas, but do no damage.
The catoblepas is lightly wounded.
The catoblepas gores you!
You barely miss the catoblepas.
The catoblepas is lightly wounded.
The catoblepas breathes a plume of calcifying dust at you.
The blast of calcifying dust hits you. The catoblepas misses you.
The catoblepas breathes a plume of calcifying dust at you.
The blast of calcifying dust hits you but does no damage.
The plant is engulfed in calcifying dust.
The yak is no longer petrified.
The catoblepas completely misses you.
You hit the catoblepas but do no damage.
The catoblepas is lightly wounded.
The plant is engulfed in calcifying dust.
The plant turns to stone!
The catoblepas gores you!
The plant is engulfed in calcifying dust.
The catoblepas gores you!!
* * * LOW HITPOINT WARNING * * *
As you read the scroll of fear, it crumbles to dust.
You assume a fearsome visage.
The catoblepas resists with almost no effort.
The yak looks frightened!
A nearby plant withers and dies.
The catoblepas gores you!!
You die...

........# #..## ........##
#...## .........## #.<..##
..# #.P#.#....## #.....#
#...# #######....#####.P.#
#...# ##..###.....# #..##
#...#
.....##.#...####...###..P#
.....#.###..#.##..###....#
......####.÷÷###@...#....#
.......#.....#.Y.........#
.........P...#..§§..#....#
.............Y#...P###...##
.......#.##..###..># ##...#
.............P#....# #...##
..##..#+##....#....###...###
.........#...###....####...#
...#.....#...P##...###...###


You could see a catoblepas and a yak (fleeing).

Vanquished Creatures
  Pikel (D:4)
  2 cane toads
  3 blink frogs (Lair:1)
  Grinder (D:5)
  15 yaks
  2 wyverns
  A basilisk (Lair:1)
  A steam dragon (D:6)
  9 water moccasins
  An ice beast (D:7)
  2 orc warriors
  A sky beast (D:8)
  4 black bears
  6 wolves (D:8)
  2 ogres (D:6)
  A phantom (D:4)
  4 lemures (D:4)
  7 bullfrogs
  4 scorpions
  A wyvern skeleton (D:6)
  5 killer bees (D:7)
  9 wights
  A bullfrog zombie (D:3)
  2 centaur zombies
  4 orc priests
  5 hounds
  A jelly (D:5)
  A bullfrog skeleton (D:5)
  Jessica (D:2)
  An iguana (D:7)
  6 orc wizards
  3 killer bee zombies
  6 adders
  8 gnolls
  A shadow imp (D:7)
  2 white imps (D:8)
  An ufetubus (D:4)
  An adder skeleton (D:5)
  A worm (D:5)
  A dart slug (D:4)
  24 orcs
  7 endoplasms
  3 giant cockroaches
  4 goblins
  8 hobgoblins
  A jackal (D:2)
  5 quokkas
  5 ball pythons
  10 bats
  4 frilled lizards
  7 kobolds
  5 rats
211 creatures vanquished.

Vanquished Creatures (others)
  A shadow imp (D:6)
  38 fungi
  33 plants
72 creatures vanquished.

Grand Total: 283 creatures vanquished

Notes
Turn   | Place    | Note
-------+----------+-------------------------------------------
     0 | D:1      | Fartwhistle the Demonspawn Monk began the quest for the
                  | Orb.
     0 | D:1      | Reached XP level 1. HP: 18/18 MP: 1/1
   295 | D:1      | Discovered your monstrous ancestry.
   295 | D:1      | Gained mutation: You have a pair of small antennae on your
                  | head. [demonic ancestry]
   295 | D:1      | Reached XP level 2. HP: 14/24 MP: 2/2
  1399 | D:2      | Gained mutation: Your touch may inflict minor irresistible
                  | damage on your foes. [demonic ancestry]
  1399 | D:2      | Reached XP level 3. HP: 12/29 MP: 3/3
  1608 | D:2      | Noticed Jessica
  1617 | D:2      | Killed Jessica
  2984 | D:2      | Gained mutation: You have a pair of antennae on your head.
                  | [demonic ancestry]
  2984 | D:2      | Reached XP level 4. HP: 13/37 MP: 4/4
  3686 | D:3      | Gained mutation: You regenerate a little health from kills.
                  | [demonic ancestry]
  3686 | D:3      | Reached XP level 5. HP: 31/43 MP: 5/5
  3736 | D:3      | Found a faded altar of an unknown god.
  4128 | D:4      | Noticed Pikel
  4128 | D:4      | Noticed a lemure
  4128 | D:4      | Noticed a lemure
  4128 | D:4      | Noticed a lemure
  4128 | D:4      | Noticed a lemure
  4192 | D:3      | Reached skill level 5 in Fighting
  4464 | D:4      | Gained mutation: You regenerate health from kills. [demonic
                  | ancestry]
  4464 | D:4      | Reached XP level 6. HP: 17/51 MP: 6/6
  4935 | D:4      | Reached skill level 5 in Unarmed Combat
  5615 | D:4      | Learned a level 2 spell: Ensorcelled Hibernation
  6540 | D:5      | Entered Level 5 of the Dungeon
  6582 | D:5      | Found Polip's Antique Armour Shop.
  6671 | D:5      | Found Peleb's Magic Scroll Boutique.
  6679 | D:5      | Gained mutation: You have a pair of large antennae on your
                  | head. (SInv) [demonic ancestry]
  6679 | D:5      | Reached XP level 7. HP: 52/57 MP: 7/7
  6738 | D:5      | Bought a scroll of teleportation for 45 gold pieces
  6818 | D:5      | Found Gatefo's Antique Weapon Shop.
  7063 | D:5      | Found a staircase to the Ecumenical Temple.
  7088 | Temple   | Entered the Ecumenical Temple
  7547 | D:5      | Noticed Grinder
  7553 | D:5      | Paralysed by Grinder for 7 turns
  7589 | D:5      | Killed Grinder
  7883 | D:5      | Found Xuarosis's Assorted Antiques.
  8066 | D:5      | Bought a potion of heal wounds for 140 gold pieces
  8225 | D:4      | Killed Pikel
  8226 | D:4      | Reached skill level 4 in Armour
  8226 | D:4      | Reached XP level 8. HP: 33/65 MP: 8/8
  8446 | D:6      | Reached skill level 5 in Armour
  8497 | D:6      | Reached skill level 6 in Armour
  9265 | D:5      | Gained mutation: You may rarely emit foul miasma when
                  | damaged in melee. [demonic ancestry]
  9265 | D:5      | Reached XP level 9. HP: 32/66 MP: 9/9
  9563 | D:6      | Learned a level 5 spell: Blade Hands
  9781 | D:6      | Reached skill level 1 in Transmutations
  9899 | D:6      | Reached skill level 1 in Spellcasting
 10453 | D:5      | Bought a scroll of blinking for 112 gold pieces
 10507 | D:7      | Found a sacrificial altar of Ru.
 10508 | D:7      | Found a blossoming altar of Fedhas.
 10510 | D:7      | Found an iron altar of Okawaru.
 10620 | D:7      | Found an ornate altar of the Wu Jian Council.
 10631 | D:7      | Found a snail-covered altar of Cheibriados.
 10639 | D:7      | Became a worshipper of Cheibriados the Contemplative
 10639 | D:7      | Reached * piety under Cheibriados
 10639 | D:7      | Reached ** piety under Cheibriados
 10659 | D:7      | Found Olat's Assorted Antiques.
 10671 | D:7      | Reached skill level 7 in Armour
 11559 | D:8      | Reached XP level 10. HP: 69/77 MP: 14/14
 11637 | D:7      | Reached skill level 8 in Armour
 11701 | D:8      | Reached *** piety under Cheibriados
 11881 | D:8      | Reached skill level 5 in Transmutations
 11897 | D:8      | Found a staircase to the Lair.
 12319 | Lair:1   | Entered Level 1 of the Lair of Beasts
 12867 | Lair:1   | Noticed a cane toad
 12875 | Lair:1   | Killed a cane toad
 13048 | Lair:1   | Reached skill level 9 in Armour
 13206 | Lair:1   | Reached skill level 1 in Invocations
 13479 | Lair:1   | Found a runed translucent gate.
 13479 | Lair:1   | Found a runed translucent gate.
 13479 | Lair:1   | Found a runed translucent gate.
 13481 | Lair:1   | Noticed Manslay's ghost (journeyman OpCj)
 13481 | Lair:1   | Noticed a spectral five-headed hydra
 13960 | Lair:1   | Reached **** piety under Cheibriados
 13961 | Lair:1   | Gained mutation: Your touch may inflict irresistible damage
                  | on your foes. [demonic ancestry]
 13961 | Lair:1   | Reached XP level 11. HP: 75/83 MP: 17/17
 14513 | Lair:2   | Found a runed translucent gate.
 14513 | Lair:2   | Found a runed translucent gate.
 14514 | Lair:2   | Found a runed translucent gate.
 14838 | Lair:2   | Noticed a catoblepas
 14878 | Lair:2   | Mangled by a catoblepas

Illustrated notes

Levels and vault maps discovered:
D:1:      minmay_arrival_checkered_box, layout_loops_ring
D:2:      layout_loops_corners, amcnicky_mini_pool_small,
          kennysheep_generic_room_12, uniq_jessica
D:3:      layout_loops_ring, hellmonk_ecumenical_altar_lost_god,
          minmay_strange_pillars
D:4:      layout_basic, uniq_pikel
D:5:      layout_loops_ring, minmay_temple_entry_large_hall, serial_shops, shop,
          shop, shop, shop, uniq_grinder
D:6:      layout_gridville
D:7:      layout_loops_ring, grunt_temple_overflow_open,
          gammafunk_temple_overflow_forgotten, serial_shops, shop
D:8:      layout_basic, due_lair_maze_entry_diamond
Temple:   minmay_temple_bridge_d
Lair:1:   layout_cave_pods, gammafunk_ghost_necromancy
Lair:2:   layout_concentric_octagons, minmay_shoals_entry_beasts,
          ebering_ghost_rock_garden, minivault_25, grunt_forest_stairs_basic,
          grunt_megastairs_3

Skill      XL: |  1  2  3  4  5  6  7  8  9 10 11 |
---------------+----------------------------------+-----
Unarmed Combat | 3 4 5 6 |  6.2
Fighting       | 4 5 6 |  6.8
Dodging        | 3 4 |  4.7
Armour         | 4 6 7 9 |  9.7
Transmutations | 4 6 7 |  7.2
Spellcasting   | 3 4 |  4.9
Invocations    | 2 3 |  3.4
Stealth        | |  1.7

Action                   |  1- 3 |  4- 6 |  7- 9 | 10-12 || total
-------------------------+-------+-------+-------+-------++-------
Melee: Unarmed           |   139 |   193 |   436 |   267 ||  1035
       Punch             |     2 |     5 |    16 |    19 ||    42
       Touch             |     4 |    41 |    87 |    54 ||   186
       Long sword        |       |    22 |       |       ||    22
Throw: Throwing net      |       |       |     1 |       ||     1
 Cast: Ensorcelled Hiber |       |     2 |       |       ||     2
Invok: Bend Time         |       |       |       |     5 ||     5
  Use: Potion            |     1 |     5 |     1 |     1 ||     8
       Scroll            |       |     4 |     2 |     5 ||    11
 Stab: Sleeping          |     7 |     4 |       |       ||    11
       Held in net/web   |       |       |     4 |       ||     4
       Petrified         |       |       |       |     2 ||     2
Armor: Robe              |    46 |    20 |       |       ||    66
       Skin              |     5 |    19 |       |     5 ||    29
       Scale mail        |       |     2 |   157 |   134 ||   293
Dodge: Dodged            |    94 |   103 |   210 |   206 ||   613
